 Dungeon Crawl Stone Soup version 0.22-a0-608-g8a62e23 (webtiles) character file.

256 kae the Insei (level 5, -1/40 HPs)
             Began as a Demonspawn Transmuter on July 9, 2018.
             Slain by a sky beast (6 damage)
             ... on level 2 of the Dungeon.
             The game lasted 00:03:08 (2849 turns).

kae the Insei (Demonspawn Transmuter)               Turns: 2849, Time: 00:03:09

Health: -1/40      AC:  2    Str: 11    XL:     5   Next: 92%
Magic:  6/8        EV: 19    Int: 14    God:
Gold:   61         SH:  0    Dex: 19    Spells: 2/8 levels left

rFire    . . .     SeeInvis .     - Unarmed
rCold    . . .     Gourm    .   (shield currently unavailable)
rNeg     . . .     Faith    .   (armour currently unavailable)
rPois    x         Spirit   .   (helmet currently unavailable)
rElec    .         Reflect  .   (cloak currently unavailable)
rCorr    .         Harm     .   (gloves currently unavailable)
MR       .....                  (boots currently unavailable)
Stlth    ++........             (no amulet)
HPRegen  0.13/turn              (no ring)
MPRegen  0.11/turn              (no ring)

@: spider-form (expiring)
A: tiny, powered by pain 3
a: End Transformation


You were on level 2 of the Dungeon.
You were not hungry.
You were a venomous arachnid creature.
You visited 1 branch of the dungeon, and saw 2 of its levels.

You collected 61 gold pieces.

Inventory:

Armour
 b - a +1 robe (melded)
 e - a +2 pair of boots (melded)
Jewellery
 i - a +2 amulet of reflection
Scrolls
 f - a scroll of enchant armour
Potions
 g - a potion of flight {unknown}
 h - a potion of might {unknown}
 k - a potion of haste {unknown}


   Skills:
 + Level 2.9 Fighting
 - Level 1.7 Dodging
 * Level 4.7 Unarmed Combat
 - Level 2.0 Spellcasting
 + Level 3.1 Transmutations


You had 2 spell levels left.
You knew the following spells:

 Your Spells              Type           Power        Failure   Level  Hunger
a - Beastly Appendage     Tmut           ##....       19%         1    ##.....
b - Sticks to Snakes      Tmut           ##......     24%         2    ###....
c - Spider Form           Tmut/Pois      #.........   58%         3    ####...

Your spell library contained the following spells:

 Spells                   Type           Power        Failure   Level  Hunger
 Blade Hands              Tmut           ##........   96%         5    ######.
 Ice Form                 Ice/Tmut       #.......     90%         4    #####..


Dungeon Overview and Level Annotations

Branches:
Dungeon (2/15)

Altars:


Innate Abilities, Weirdness & Mutations

You are powered by pain.


Message History

You eat the ration.
That ration really hit the spot!
You start resting.
The sky beast is too close now for your liking.
Casting: Spider Form (slightly dangerous; 36% risk of failure)
Confirm with . or Enter, or press ? or * to list all spells.
You turn into a venomous arachnid creature.
Your +2 pair of boots melds into your body.
Your +1 robe melds into your body.
The sky beast flickers out of sight!
Something barely misses you.
You closely miss something. Something hits you. Something shocks you.
You hit something but do no damage.
Your transformation is almost over.
Something hits you. Something shocks you.
You barely miss something. Something hits you but does no damage.
You hit something. Something hits you. Something shocks you.
* * * LOW HITPOINT WARNING * * *
You hit something. Something hits you.
* * * LOW HITPOINT WARNING * * *
Something shocks you.
You die...

#.....###............
#......>.............
#.....#.##..#........
#.....#............#.
###................#.
##.##...............
####.....###...........
#.....{######.##.##..##
#....[s..........##....
#........####.#........
#...>###....#.#####>...
###########.#.#......#.
#.......#.....###.###
#.......##....###.###
#.......#...#.......#
#.......#..###.......
#..........###.##.###


There were no monsters in sight!

Vanquished Creatures
  Sigmund (D:2)
  A worker ant (D:1)
  Robin (D:2)
  4 adders
  An ooze (D:2)
  4 worms (D:2)
  2 dart slugs (D:1)
  A leopard gecko (D:2)
  6 bats
  A giant cockroach (D:1)
  9 goblins
  5 hobgoblins
  5 jackals
  3 kobolds (D:1)
  A quokka (D:2)
  4 frilled lizards
  6 rats
55 creatures vanquished.

Vanquished Creatures (collateral kills)
  Jessica (D:2)
  A ball python (D:2)
  A kobold (D:2)
  A frilled lizard (D:2)
4 creatures vanquished.

Grand Total: 59 creatures vanquished

Notes
Turn   | Place    | Note
-------+----------+-------------------------------------------
     0 | D:1      | kae the Demonspawn Transmuter began the quest for the Orb.
     0 | D:1      | Reached XP level 1. HP: 15/15 MP: 3/3
   327 | D:1      | Reached skill level 3 in Unarmed Combat
   334 | D:1      | Gained mutation: You sometimes gain a little power by taking damage. [demonic ancestry]
   334 | D:1      | Reached XP level 2. HP: 21/21 MP: 1/5
   338 | D:1      | Learned a level 2 spell: Sticks to Snakes
  1146 | D:1      | Reached XP level 3. HP: 26/27 MP: 3/6
  1169 | D:2      | Noticed Jessica
  1178 | D:2      | Killed Jessica
  1518 | D:2      | Noticed Sigmund
  1520 | D:2      | Gained mutation: You sometimes gain power by taking damage. [demonic ancestry]
  1520 | D:2      | Reached XP level 4. HP: 33/33 MP: 4/7
  1537 | D:2      | Killed Sigmund
  1537 | D:2      | Reached skill level 4 in Unarmed Combat
  1537 | D:2      | Gained mutation: You are powered by pain. [demonic ancestry]
  1537 | D:2      | Reached XP level 5. HP: 9/39 MP: 8/8
  2425 | D:2      | Noticed a sky beast
  2427 | D:2      | Noticed Robin
  2638 | D:1      | Learned a level 3 spell: Spider Form
  2727 | D:2      | Killed Robin
  2849 | D:2      | Slain by a sky beast

Vault maps used:
D:1:      dpeg_arrival_snail
D:2:      uniq_jessica, uniq_robin, uniq_sigmund

Skill      XL: |  1  2  3  4  5 |
---------------+----------------+-----
Unarmed Combat | 3 4 |  4.7
Transmutations | 2 3 |  3.1
Fighting       | 2 |  2.9
Dodging        | |  1.7
Spellcasting   | |  2.0

Action                   |  1- 3 |  4- 6 || total
-------------------------+-------+-------++-------
Melee: Unarmed           |    94 |   103 ||   197
       Kick              |     4 |       ||     4
       Headbutt          |     6 |     6 ||    12
       Punch             |     1 |     1 ||     2
 Cast: Beastly Appendage |     9 |     6 ||    15
       Sticks to Snakes  |     6 |     6 ||    12
       Spider Form       |       |     2 ||     2
  Use: Scroll            |       |     5 ||     5
       Potion            |       |     1 ||     1
 Stab: Sleeping          |     1 |     1 ||     2
  Eat: Ration            |     1 |     1 ||     2
       Chunk             |       |     2 ||     2
Armor: Robe              |    29 |    38 ||    67
       Skin              |       |     1 ||     1
Dodge: Dodged            |    67 |   111 ||   178

Table legend:
 A = Spawn XP
 B = Non-spawn XP
 C = Spawn XP percentage of total XP
 D = Spawn monster count
 E = Non-spawn monster count
 F = Spawn count percentage of total count
 G = Total turns spent on level
                    A         B        C        D         E        F      G
               +---------+---------+-------+---------+---------+-------+---------
         Total |       0 |     366 |   0.0 |       0 |      59 |   0.0 |  2849
               +---------+---------+-------+---------+---------+-------+---------
           D:1 |       0 |      79 |   0.0 |       0 |      26 |   0.0 |  1941
           D:2 |       0 |     287 |   0.0 |       0 |      33 |   0.0 |   908
               +---------+---------+-------+---------+---------+-------+---------
